 Dungeon Crawl Stone Soup version 0.25-a0-781-gc44aebf4fe (webtiles) character file.

Game seed: 15737616701718510363, levelgen mode: deterministic

53 tilp the Bolt Thrower (level 4, 0/27 HPs)
             Began as a Kobold Arcane Marksman on Apr 15, 2020.
             Killed from afar by an orc wizard (8 damage)
             ... with a magic dart
             ... on level 2 of the Dungeon.
             The game lasted 00:05:58 (2571 turns).

tilp the Bolt Thrower (Kobold Arcane Marksman)      Turns: 2571, Time: 00:05:59

Health: 0/27       AC:  4    Str:  8    XL:     4   Next: 11%
Magic:  0/5        EV: 14    Int: 14    God:
Gold:   126        SH:  0    Dex: 15    Spells: 2/5 levels left

rFire    . . .     SeeInvis .   a - +0 hand crossbow
rCold    . . .     Gourm    .   (shield restricted)
rNeg     . . .     Faith    .   c - +0 leather armour
rPois    .         Spirit   .   (no helmet)
rElec    .         Reflect  .   h - +0 cloak
rCorr    .         Harm     .   (no gloves)
MR       .....                  (no boots)
Stlth    +.........             (no amulet)
HPRegen  0.09/turn              (no ring)
MPRegen  0.09/turn              (no ring)

@: very slightly contaminated
A: small, carnivore
a: no special abilities


You were on level 2 of the Dungeon.
You were completely stuffed.

You visited 1 branch of the dungeon, and saw 2 of its levels.

You collected 126 gold pieces.

Inventory:

Hand Weapons
 a - a +0 hand crossbow (weapon)
 b - a +0 mace
 j - a +0 dagger
Missiles
 d - 6 bolts (quivered)
 l - 28 poisoned darts
Armour
 c - a +0 leather armour (worn)
 e - a +0 robe
 h - a +0 cloak (worn)
 k - a +3 ring mail
Scrolls
 g - a scroll of enchant weapon {unknown}
Potions
 i - 2 potions of curing {unknown}
 n - a potion of haste {unknown}
 o - a potion of flight {unknown}
Comestibles
 f - a ration
 m - a chunk of flesh


   Skills:
 + Level 2.7 Fighting
 - Level 4.0 Crossbows
 - Level 2.4 Dodging
 - Level 1.1 Spellcasting
 - Level 3.0 Hexes


You had 2 spell levels left.
You knew the following spells:

 Your Spells              Type           Power        Failure   Level  Hunger
a - Corona                Hex            #......      11%         1    ##.....
b - Slow                  Hex            #.......     17%         2    ###....

Your spell library contained the following spells:

 Spells                   Type           Power        Failure   Level  Hunger
 Apportation              Tloc           #.....       36%         1    ##.....
 Summon Butterflies       Summ           #.......     36%         1    ##.....
 Tukima's Dance           Hex            #.......     32%         3    ####...
 Inner Flame              Hex/Fire       #.......     52%         3    ####...
 Portal Projectile        Hex/Tloc       #.....       52%         3    ####...
 Cause Fear               Hex            #.........   73%         4    #####..
 Lesser Beckoning         Tloc           #.........   75%         3    ####...
 Leda's Liquefaction      Hex/Erth       #.........   90%         4    #####..
 Alistair's Intoxication  Tmut/Pois      #.......     100%        5    ######.
 Invisibility             Hex            #.......     100%        6    #######


Dungeon Overview and Level Annotations

Branches:
Dungeon (2/15)

Altars:
Qazlal

Annotations:
D:2 exclusion: gnoll


Innate Abilities, Weirdness & Mutations

You are small and have problems with some larger weapons.
You are carnivorous and can eat meat at any time.


Message History

You shoot a bolt. The bolt barely misses the orc wizard.
The orc wizard gestures at you while chanting.
The magic dart hits you!
* * * LOW HITPOINT WARNING * * *
The orc wizard closely misses you.
Firing (i - inventory. (/) - cycle)
d - 8 bolts (quivered)
Press: ? - help, Shift-Dir - straight line, f/p - orc wizard
Aim: an orc wizard, wielding a +0 dagger and wearing a +0 robe (lightly wounded, fast+slow, softly glowing)
You shoot a bolt.
The bolt hits the orc wizard but does no damage.
The orc wizard is lightly wounded.
The orc wizard closely misses you.
Firing (i - inventory. (/) - cycle)
d - 7 bolts (quivered)
Press: ? - help, Shift-Dir - straight line, f/p - orc wizard
Aim: an orc wizard, wielding a +0 dagger and wearing a +0 robe (lightly wounded, fast+slow, softly glowing)
You shoot a bolt. The bolt hits the orc wizard.
The orc wizard is heavily wounded.
The orc wizard gestures at you while chanting.
The magic dart hits you!
You die...

.#...........# #...###.# #
.......#..#..# #.......# #
##.##..#..#..# #...##### #
##.##..).....# #...# #
.............# #...#### #
......##..##.#######...##.#### #
..........##.#...........#...##
#
..รท...###.........<.....###...#
# .....##
###.##..@o.....(.#....### .....#
#.########...##.###.##. .....#
#.# #...#### #.... ###### #.
#...# ####( #. #...# #< #.
#..>###### ## ##........#
#......##.# ## ##.#.##.##.###


You could see an orc wizard.

Vanquished Creatures
  An adder (D:2)
  A leopard gecko (D:1)
  3 orcs (D:2)
  5 giant cockroaches
  2 goblins
  10 hobgoblins
  3 bats
  3 frilled lizards
  6 kobolds
  4 rats
38 creatures vanquished.

Notes
Turn   | Place    | Note
-------+----------+-------------------------------------------
     0 | D:1      | tilp the Kobold Arcane Marksman began the quest for the
                  | Orb.
     0 | D:1      | Reached XP level 1. HP: 12/12 MP: 2/2
    49 | D:1      | Reached skill level 3 in Crossbows
    82 | D:1      | Reached XP level 2. HP: 16/16 MP: 3/3
   464 | D:1      | Reached skill level 4 in Crossbows
   464 | D:1      | Reached XP level 3. HP: 6/20 MP: 2/4
  1130 | D:2      | Learned a level 2 spell: Slow
  1400 | D:2      | Noticed a phantom
  2174 | D:2      | Reached XP level 4. HP: 24/27 MP: 5/5
  2399 | D:2      | Found a stormy altar of Qazlal.
  2571 | D:2      | Killed from afar by an orc wizard

Levels and vault maps discovered:
D:1:      scummos_arrival_checkerplants, layout_basic
D:2:      layout_loops_cross, nicolae_qazlal_eye_of_the_storm

Skill      XL: |  1  2  3 |
---------------+----------+-----
Crossbows      | 3 4 |  4.0
Fighting       | 2 |  2.7
Dodging        | |  2.4
Spellcasting   | |  1.1
Hexes          | |  3.0

Action                   |  1- 3 |  4- 6 || total
-------------------------+-------+-------++-------
Melee: Mace              |    40 |    11 ||    51
 Fire: Hand crossbow     |    62 |     9 ||    71
 Cast: Corona            |     3 |     2 ||     5
       Slow              |     1 |     1 ||     2
  Eat: Chunk             |    12 |     2 ||    14
Armor: Robe              |     5 |       ||     5
       Leather armour    |     8 |     5 ||    13
Dodge: Dodged            |    60 |    15 ||    75

Table legend:
 A = Non-vault XP
 B = Vault XP
 C = Vault XP percentage of total XP
 D = Non-vault monster count
 E = Vault monster count
 F = Vault count percentage of total count
                 A         B        C        D         E       F
            +---------+---------+-------+---------+---------+-------
      Total |      77 |       0 |   0.0 |      38 |       0 |   0.0
            +---------+---------+-------+---------+---------+-------
        D:1 |      37 |       0 |   0.0 |      22 |       0 |   0.0
        D:2 |      40 |       0 |   0.0 |      16 |       0 |   0.0
            +---------+---------+-------+---------+---------+-------
